 Dungeon Crawl Stone Soup version 0.27.0-1-g7a089689b8 (webtiles) character file.

Game seed: 7249421315704102899

16309 Anothat the Geomancer (level 12, 0/118 HPs)
             Began as a Gargoyle Earth Elementalist on Aug 9, 2021.
             Was a Priest of Vehumet.
             Slain by a komodo dragon (20 damage)
             ... on level 2 of the Lair of Beasts.
             The game lasted 00:38:53 (17450 turns).

Anothat the Geomancer (GrEE)                       Turns: 17450, Time: 00:38:53

Health: 0/118      AC: 26    Str: 13    XL:     12   Next: 36%
Magic:  3/25       EV:  2    Int: 20    God:    Vehumet [***...]
Gold:   777        SH:  0    Dex: 16    Spells: 16/29 levels left

rFire    . . .     SeeInvis +   J - +6 mace "Cuptul" {drain, SInv}
rCold    . . .     Faith    .   (no shield)
rNeg     + + +     Spirit   .   (armour currently unavailable)
rPois    ∞         Reflect  .   (helmet currently unavailable)
rElec    .         Harm     .   (cloak currently unavailable)
rCorr    .         Rampage  .   (gloves currently unavailable)
Will     +....     NoTele   +   (boots currently unavailable)
Stlth    +.........             p - amulet of the acrobat
HPRegen  0.29/turn              E - ring of willpower
MPRegen  0.19/turn              c - +6 ring of dexterity

@: confused, tree-form, ambrosia-drunk
A: stationary, stasis, torment immunity, boosted hp, sickness immunity, AC +8,
negative energy resistance 1, (electricity resistance), torment resistance 1,
petrification resistance
a: Renounce Religion


You were on level 2 of the Lair of Beasts.
You worshipped Vehumet.
Vehumet was most pleased with you.
You were a tree.
You visited 3 branches of the dungeon, and saw 12 of its levels.

You collected 849 gold pieces.
You spent 72 gold pieces at shops.

Inventory:

Hand Weapons
 d - a +0 club
 y - a +1 dagger of freezing
 z - a +0 morningstar of draining
 J - the +6 mace "Cuptul" (weapon) {drain, SInv}
   (You found it on level 2 of the Lair of Beasts)

   A truly terrible weapon, it drains the life of any living foe it strikes.
   SInv:      It lets you see invisible.
Missiles
 m - 3 boomerangs of dispersal
 N - 15 stones
Armour
 b - a +0 robe (melded)
 v - a +0 helmet (melded)
 x - the +1 pair of boots "Lowob" (melded) {rPois rN+ Str+2}
   (You found it on level 9 of the Dungeon)

   Str:       It affects your strength (+2).
   rPois:     It protects you from poison.
   rN:        It protects you from negative energy.
 A - +0 swamp dragon scales
Jewellery
 c - a +6 ring of dexterity (right branch)
 p - an amulet of the acrobat (around neck)
 E - a ring of willpower (left branch)
Wands
 q - a wand of paralysis (2)
 D - a wand of digging (5)
Scrolls
 e - 3 scrolls of magic mapping
 g - 8 scrolls of identify
 h - 3 scrolls of teleportation
 l - a scroll of immolation {unknown}
 n - a scroll of silence {unknown}
 r - a scroll of enchant weapon {unknown}
 s - 2 scrolls of blinking {unknown}
 t - a scroll of brand weapon {unknown}
 B - a scroll of fog {unknown}
 C - a scroll of torment {unknown}
 G - a scroll of enchant armour {unknown}
 H - a scroll of fear {unknown}
 K - a scroll of amnesia {unknown}
Potions
 a - a potion of invisibility {unknown}
 f - a potion of berserk rage {unknown}
 i - a potion of mutation {unknown}
 j - 3 potions of degeneration {unknown}
 k - 5 potions of curing
 u - 2 potions of lignification
 w - 2 potions of cancellation {unknown}
 F - a potion of flight {unknown}
 L - 5 potions of ambrosia
 M - a potion of haste {unknown}
Miscellaneous
 I - a condenser vane (inert)


   Skills:
 + Level 10.8 Fighting
 + Level 7.5 Maces & Flails
 - Level 1.5 Dodging
 - Level 2.1 Stealth
 + Level 9.4 Spellcasting
 - Level 5.4 Transmutations
 + Level 12.1 Earth Magic


You had 16 spell levels left.
You knew the following spells:

 Your Spells              Type           Power      Damage    Failure   Level
a - Sandblast             Erth           100%       2d20      1%          1
b - Stone Arrow           Conj/Erth      66%        3d11      1%          3
c - Petrify               Tmut/Erth      44%        N/A       1%          4
d - Lee's Rapid Deconstr  Erth           27%        3d16*     1%          5

Your spell library contained the following spells:

 Spells                   Type           Power      Damage    Failure   Level
 Dazzling Flash           Conj/Hex       18%        N/A       6%          3
 Passwall                 Tmut/Erth      36%        N/A       1%          2
 Foxfire                  Conj/Fire      36%        2x1d5     2%          1
 Conjure Flame            Conj/Fire      9%         6-21      6%          3
 Inner Flame              Hex/Fire       9%         N/A       6%          3
 Fulminant Prism          Conj/Hex       4%         3d6       19%         4
 Iskenderun's Mystic Bla  Conj/Tloc      9%         2d4       19%         4
 Eringya's Noxious Bog    Tmut/Pois      10%        N/A       65%         6
 Summon Forest            Summ/Tloc      4%         N/A       90%         5
 Summon Hydra             Summ           4%         N/A       100%        7


Dungeon Overview and Level Annotations

Branches:
Dungeon (9/15)             Temple (1/1) D:7            Lair (2/6) D:9
 Spider (0/4) Lair:2          Orc (0/2) D:9
  Swamp: Lair:2-4    Shoals: Lair:2-4

Altars:
Ashenzari
Cheibriados
Dithmenos
Elyvilon
Fedhas
Gozag
Hepliaklqana
Kikubaaqudgha
Makhleb
Nemelex Xobeh
Okawaru
Qazlal
Ru
Sif Muna
Trog
Uskayaw
Vehumet
Wu Jian
Xom
Yredelemnul
Zin
The Shining One

Shops:
D:8 *   D:9 *

Annotations:
D:2 1 runed translucent door, Crazy Yiuf, Sigmund
Lair:2 exclusion: oklob plant


Innate Abilities, Weirdness & Mutations

You are a tree.
Your roots penetrate the ground, keeping you stationary.
You cannot be teleported.
You are immune to unholy pain and torment.
Your maximum health is greatly increased.
Your equipment is partially melded.
You are immune to sickness and miasma.
((Your stone body is resilient. (AC +8)))
You are immune to poison.
You resist negative energy. (rN+)
((You are resistant to electric shocks. (rElec)))
You are resistant to unholy torment.
You are immune to petrification.


Message History

Press: ? - help, Shift-Dir - straight line, f/p - komodo dragon
Aim: a komodo dragon (moderately wounded, 88% to hit)
The blast of sand hits the komodo dragon!!
The komodo dragon is severely wounded.
The komodo dragon barely misses you.
You hit the komodo dragon.
The komodo dragon is almost dead.
The komodo dragon bites you!!
* * * LOW HITPOINT WARNING * * *
Okay, then.
Okay, then.
You feel much better. The komodo dragon bites you!
* * * LOW HITPOINT WARNING * * *
Okay, then.
Aiming: Paralyse
Press: ? - help, Shift-Dir - straight line, f/p - komodo dragon
Aim: a komodo dragon (severely wounded, chance to affect: 28%)
The komodo dragon easily resists.
The komodo dragon closely misses you.
Aiming: Paralyse
Press: ? - help, Shift-Dir - straight line, f/p - komodo dragon
Aim: a komodo dragon (severely wounded, chance to affect: 28%)
Okay, then.
Casting: Sandblast (safe; 1% risk of failure)
Confirm with . or Enter, or press ? or * to list all spells.
Aiming: Sandblast (safe; 1% risk of failure)
Press: ? - help, Shift-Dir - straight line, f/p - komodo dragon
Aim: a komodo dragon (severely wounded, 88% to hit)
The blast of sand hits the komodo dragon.
The komodo dragon is almost dead.
The komodo dragon bites you but does no damage.
Okay, then.
Really quaff the potion of lignification?
You turn into a tree.
Your +0 helmet melds into your body.
The +1 pair of boots "Lowob" {rPois rN+ Str+2} melds into your body.
Your +0 robe melds into your body.
Your roots penetrate the ground.
The komodo dragon bites you!!
* * * LOW HITPOINT WARNING * * *
You are confused.
You feel invigorated. The komodo dragon bites you!!
You die...

..#...♣#.....##...# ###.#
..#....#..........## ###
..+....#...#.......##
..+....#.#..........##
≈.#♣...#.P...........####
♣#####'#.........)...^..# ..#
..#.....#.....#...## ..#
...#....#.##l.##...#
.<#....#.....#.#♣#.....###
..#[[..#...........#.....#
8#######........>.......##
###..........##...##....#
............##...#.##...#
.............###..###...#
.....#####...#.....#....#########
#...P# ##...............÷.÷...#
....## ##.P#......####.#######


You could see a komodo dragon.

Vanquished Creatures
  2 hydras (Lair:2)
  A boulder beetle (Lair:2)
  A lindwurm (Lair:2)
  6 cane toads
  2 komodo dragons (Lair:2)
  A rime drake (Lair:2)
  Maggie (D:6)
  A queen bee (Lair:2)
  A troll (D:9)
  Grinder (D:6)
  2 hornets
  3 blink frogs (Lair:1)
  A shadow (D:6)
  19 yaks
  A basilisk (Lair:2)
  A wraith (D:9)
  Menkaure (D:7)
  11 water moccasins
  Duvessa (D:5)
  3 sky beasts
  An orc warrior (D:9)
  3 ice beasts
  2 necrophages
  2 black bears
  2 centaurs
  4 ogres (D:6)
  A phantom (D:6)
  4 bullfrogs
  2 gnoll sergeants
  Dowan (D:5)
  3 scorpions
  29 killer bees
  15 wights
  A jelly (D:5)
  2 orc priests
  2 centaur zombies
  2 hounds
  2 bullfrog skeletons
  Jessica (D:2)
  2 centaur skeletons
  Ijyb (D:5)
  10 orc wizards
  A killer bee zombie (D:6)
  A hound skeleton (D:4)
  2 howler monkey zombies
  4 gnolls
  10 adders
  A white imp (D:5)
  An ufetubus (D:4)
  An adder skeleton (D:5)
  3 worms
  5 dart slugs
  26 orcs
  A bat (D:1)
  4 endoplasms
  13 giant cockroaches
  8 goblins
  8 hobgoblins
  6 jackals
  6 kobolds
  7 quokkas
  8 ball pythons
  2 frilled lizards (D:1)
  3 rats (D:1)
273 creatures vanquished.

Vanquished Creatures (others)
  8 fungi (Lair:2)
  39 plants
47 creatures vanquished.

Grand Total: 320 creatures vanquished

Notes
Turn   | Place    | Note
-------+----------+-------------------------------------------
     0 | D:1      | Anothat the Gargoyle Earth Elementalist began the quest for
                  | the Orb.
     0 | D:1      | Reached XP level 1. HP: 10/10 MP: 3/3
   198 | D:1      | Reached skill level 1 in Transmutations
   226 | D:1      | Reached XP level 2. HP: 16/16 MP: 3/5
   420 | D:1      | Reached skill level 1 in Fighting
   634 | D:1      | Reached skill level 4 in Earth Magic
   635 | D:1      | Reached XP level 3. HP: 20/20 MP: 3/6
   989 | D:1      | Found a faded altar of an unknown god.
  1132 | D:2      | Noticed Jessica
  1136 | D:2      | Noticed Sigmund
  1138 | D:2      | Killed Jessica
  1139 | D:2      | Reached XP level 4. HP: 18/26 MP: 2/7
  1576 | D:2      | Found a runed translucent door.
  1577 | D:2      | Noticed Crazy Yiuf
  1923 | D:3      | Reached XP level 5. HP: 25/31 MP: 3/9
  2332 | D:3      | Learned a level 3 spell: Stone Arrow
  2480 | D:3      | You fall into a shaft and drop 3 floors!
  2501 | D:6      | Noticed a phantom
  2575 | D:6      | Killed a phantom
  2576 | D:6      | Reached skill level 5 in Earth Magic
  2576 | D:6      | Reached XP level 6. HP: 37/37 MP: 3/10
  2741 | D:6      | Noticed an ice beast
  2744 | D:6      | Killed an ice beast
  2793 | D:6      | Noticed a necrophage
  2806 | D:6      | Killed a necrophage
  2807 | D:6      | Reached XP level 7. HP: 31/42 MP: 0/12
  2942 | D:6      | Reached skill level 6 in Earth Magic
  3115 | D:6      | Learned a level 4 spell: Petrify
  3318 | D:5      | Entered Level 5 of the Dungeon
  3574 | D:5      | Reached XP level 8. HP: 41/48 MP: 5/14
  3656 | D:5      | Found an opulent altar of Gozag.
  3933 | D:5      | Noticed Duvessa
  3933 | D:5      | Noticed Dowan
  3949 | D:5      | Killed Duvessa
  3950 | D:5      | Reached skill level 5 in Fighting
  3964 | D:5      | Killed Dowan
  4168 | D:5      | Noticed Ijyb
  4185 | D:5      | Killed Ijyb
  4454 | D:5      | Reached skill level 7 in Earth Magic
  4664 | D:5      | Reached skill level 5 in Spellcasting
  5600 | D:4      | Found the +3 giant club "Skullcrusher" {speed, Str+7}
  6278 | D:4      | Reached XP level 9. HP: 51/55 MP: 12/17
  6688 | D:3      | You fall into a shaft and drop 3 floors!
  7156 | D:6      | Reached skill level 8 in Earth Magic
  7161 | D:6      | Reached skill level 5 in Transmutations
  7251 | D:6      | Noticed Maggie
  7288 | D:6      | Killed Maggie
  7945 | D:6      | Noticed Grinder
  7948 | D:6      | Killed Grinder
  8553 | D:6      | Reached skill level 1 in Maces & Flails
  8998 | D:7      | Found a staircase to the Ecumenical Temple.
  9015 | Temple   | Entered the Ecumenical Temple
  9058 | Temple   | Became a worshipper of Vehumet
  9119 | D:7      | Noticed Menkaure
  9124 | D:7      | Killed Menkaure
  9125 | D:7      | Reached skill level 9 in Earth Magic
  9125 | D:7      | Reached XP level 10. HP: 63/63 MP: 9/19
 10797 | D:8      | Found Offoc's General Store.
 10819 | D:8      | Identified the +6 hand axe "Xakiruc" {holy, *Slow rElec
                  | Will++ Stlth+}
 11128 | D:8      | Reached * piety under Vehumet
 11128 | D:8      | Offered knowledge of Shock by Vehumet.
 11463 | D:8      | Bought a potion of curing for 36 gold pieces
 11463 | D:8      | Bought a potion of curing for 36 gold pieces
 11856 | D:9      | Found a staircase to the Lair.
 12265 | D:9      | Reached skill level 10 in Earth Magic
 12758 | D:9      | Identified the +1 pair of boots "Lowob" {rPois rN+ Str+2}
 13015 | D:9      | Reached XP level 11. HP: 21/69 MP: 1/22
 13344 | D:9      | Found Ecer's Overcharged Wands.
 13365 | D:9      | Reached skill level 5 in Maces & Flails
 13845 | D:9      | Found a staircase to the Orcish Mines.
 13879 | Lair:1   | Entered Level 1 of the Lair of Beasts
 14293 | Lair:1   | Offered knowledge of Freeze by Vehumet.
 14436 | Lair:1   | Learned a level 5 spell: Lee's Rapid Deconstruction
 14458 | Lair:1   | Reached ** piety under Vehumet
 14493 | Lair:1   | You fall into a shaft and drop 1 floor!
 14493 | Lair:2   | Found a hole to the Spider Nest.
 14494 | Lair:2   | Noticed a boulder beetle
 14528 | Lair:2   | Killed a boulder beetle
 14538 | Lair:2   | Reached skill level 11 in Earth Magic
 14597 | Lair:2   | Noticed an eight-headed hydra
 14616 | Lair:2   | Killed an eight-headed hydra
 14793 | Lair:2   | Noticed a four-headed hydra
 14819 | Lair:2   | Killed a four-headed hydra
 14820 | Lair:2   | Reached skill level 10 in Fighting
 15144 | Lair:2   | Identified the +6 quarterstaff "Riutebrixi" {vorpal, rN+}
 15464 | Lair:1   | Reached XP level 12. HP: 40/78 MP: 5/25
 16698 | Lair:2   | Identified the +6 mace "Cuptul" {drain, SInv}
 16930 | Lair:2   | Reached skill level 12 in Earth Magic
 16930 | Lair:2   | Offered knowledge of Dazzling Flash by Vehumet.
 16933 | Lair:2   | Reached *** piety under Vehumet
 17400 | Lair:2   | Noticed a seven-headed hydra
 17450 | Lair:2   | Slain by a komodo dragon

Illustrated notes

Levels and vault maps discovered:
D:1:      minmay_arrival_shattered_statue, layout_loops_ring,
          dilly_ecumenical_altar_fadedgnrine, minmay_indecisive_spiral
D:2:      layout_basic, chequers_serial_rivers_room_b, uniq_crazy_yiuf_cottage,
          uniq_sigmund, uniq_jessica
D:3:      layout_rooms, ebering_ghost_disaster_area
D:4:      minmay_razor_zed, layout_cave_pools, minmay_unequal
D:5:      layout_basic, mainiacjoe_overflow_concentric_impassable, minmay_puff,
          uniq_duvessa, uniq_ijyb
D:6:      layout_basic, gup_sewer_entry_spiral, enter_ossuary_1, st_stairs_3,
          uniq_maggie, uniq_grinder
D:7:      layout_basic, minmay_temple_entry_tees, uniq_menkaure
D:8:      layout_loops_corners, minmay_tree_intersection,
          hangedman_decor_lopped, columned_hall_lemuel, kennysheep_windowed_goal
D:9:      layout_basic, dpeg_oklobed_lair,
          kennysheep_orc_monster_closet_entryway, nicolae_shop_overcharged_wands
Temple:   kilobyte_greek_temple
Lair:1:   layout_long_grid
Lair:2:   cheibrodos_lair_overgrown_chateau, layout_misc_corridors,
          nicolae_spider_entry_non_spiders, special_room [special_room_bee],
          minmay_lair_oklob_chamber

Skill      XL: |  1  2  3  4  5  6  7  8  9 10 11 12 |
---------------+-------------------------------------+-----
Transmutations | 1 2 3 4 5 |  5.4
Fighting       | 1 2 3 4 5 7 8 10 | 10.8
Earth Magic    | 4 5 6 7 9 10 11 12 | 12.1
Spellcasting   | 3 4 5 6 7 9 |  9.4
Maces & Flails | 1 4 6 7 |  7.5
Dodging        | |  1.5
Stealth        | |  2.1

Action                   |  1- 3 |  4- 6 |  7- 9 | 10-12 || total
-------------------------+-------+-------+-------+-------++-------
Melee: Club              |    11 |    35 |    63 |       ||   109
       Morningstar       |       |       |     8 |   103 ||   111
       Mace              |       |       |       |    25 ||    25
 Cast: Sandblast         |    41 |    38 |    99 |    54 ||   232
       Stone Arrow       |       |     8 |    87 |   132 ||   227
       Petrify           |       |       |     5 |    24 ||    29
       Lee's Rapid Decon |       |       |       |    31 ||    31
Evoke: Wand              |       |       |       |    16 ||    16
       Condenser vane    |       |       |       |     1 ||     1
  Use: Potion            |       |       |     2 |    12 ||    14
       Scroll            |       |       |       |     4 ||     4
 Stab: Sleeping          |       |     1 |       |       ||     1
       Petrified         |       |       |    10 |    23 ||    33
       Paralysed         |       |       |       |     5 ||     5
Armor: Robe              |     7 |    15 |    57 |    79 ||   158
       Skin              |       |       |       |    13 ||    13
Dodge: Dodged            |    10 |    32 |    72 |   163 ||   277
